 Dungeon Crawl Stone Soup version 0.27.1-33-g824d729ab1 (webtiles) character file.

Game seed: 8994236191854857275

198 Anathary the Slasher (level 5, -6/47 HPs)
             Began as a Minotaur Berserker on Nov 28, 2021.
             Was a Believer of Trog.
             Mangled by a wyvern (16 damage)
             ... on level 4 of the Dungeon on Dec 9, 2021.
             The game lasted 00:08:58 (3408 turns).

Anathary the Slasher (Minotaur Berserker)           Turns: 3408, Time: 00:08:59

Health: -6/47      AC:  2    Str: 23    XL:     5   Next: 47%
Magic:  4/4        EV: 12    Int:  4    God:    Trog [**....]
Gold:   126        SH:  0    Dex:  9    Spells: 4/4 levels left

rFire    . . .     SeeInvis .   a - +0 falchion
rCold    . . .     Faith    .   (no shield)
rNeg     . . .     Spirit   .   b - +0 animal skin
rPois    .         Reflect  .   (helmet restricted)
rElec    .         Harm     .   (no cloak)
rCorr    .         Rampage  .   (no gloves)
Will     +....                  (no boots)
Stlth    +.........             (no amulet)
HPRegen  0.15/turn              n - ring of willpower
MPRegen  0.09/turn              (no ring)

@: no status effects
A: horns 2, retaliatory headbutt
a: Renounce Religion, Berserk, Trog's Hand


You were on level 4 of the Dungeon.
You worshipped Trog.
Trog was pleased with you.
You visited 1 branch of the dungeon, and saw 4 of its levels.

You collected 126 gold pieces.

Inventory:

Hand Weapons
 a - a +0 falchion (weapon)
 h - a +0 lajatang
Armour
 b - a +0 animal skin (worn)
Jewellery
 d - a ring of resist corrosion
 n - a ring of willpower (left hand)
Wands
 i - a wand of paralysis (6)
 l - a wand of digging (5)
Scrolls
 f - 2 scrolls of blinking {unknown}
 j - a scroll of vulnerability {unknown}
 k - a scroll of identify {unknown}
 m - 2 scrolls of amnesia {unknown}
Potions
 c - a potion of resistance {unknown}
 e - a potion of curing {unknown}
 g - 3 potions of cancellation {unknown}


   Skills:
 + Level 4.9 Fighting
 * Level 6.5 Long Blades
 + Level 2.9 Armour
 - Level 2.1 Dodging


You had 4 spell levels left.
You didn't know any spells.
Your spell library was empty.

Dungeon Overview and Level Annotations

Branches:
Dungeon (4/15)
 Temple: D:4-7

Altars:

Annotations:
D:3 2 runed translucent doors, spimroxx's ghost, amateur MiFi


Innate Abilities, Weirdness & Mutations

You have a pair of horns on your head.
You reflexively headbutt those who attack you in melee.


Message History

You headbutt the hound skeleton. You barely miss the hound skeleton.
The hound skeleton is severely damaged.
The hound skeleton bites you.
A wyvern comes into view.
You hit the orc. You headbutt the orc.
You kill the orc!
Trog accepts your kill. The hobgoblin hits you.
Things that are here:
a +0 club; 4 boomerangs; an orc corpse You hit the hobgoblin.
You kill the hobgoblin!
Trog accepts your kill. The hound skeleton bites you.
You slash the orc!
You kill the orc!
Trog accepts your kill. The hound skeleton bites you.
You hit the orc. You headbutt the orc.
You kill the orc!
Trog accepts your kill.
The hound skeleton bites you. x2; The orc hits you with a +0 hand axe.
The wyvern bites you!
You hit the wyvern.
The wyvern is lightly wounded.
The wyvern bites you!
* * * LOW HITPOINT WARNING * * *
The hound skeleton bites you.
* * * LOW HITPOINT WARNING * * *
The wyvern barely misses you.
You closely miss the wyvern.
The wyvern is lightly wounded.
The hound skeleton bites you but does no damage.
The wyvern bites you but does no damage.
The hound skeleton closely misses you.
You closely miss the wyvern. Your headbutt misses the wyvern.
The wyvern is lightly wounded.
The wyvern bites you!
You die...

........##.###.#
...###.......#.###.
...................
.#####....##...#
#........#
#.####...#
#........#
#........#########
........@Zo.....?#
#########l....##.
#.........#
#..........#
#..[.........
#............
#.........?..
..........#..
...>..........


You could see a wyvern, an orc and a hound skeleton.

Vanquished Creatures
  Ijyb (D:3)
  Natasha (thrice) (D:3)
  2 adders
  2 dart slugs
  A worm (D:3)
  8 orcs
  2 ball pythons
  5 endoplasms
  5 giant cockroaches
  8 goblins
  3 hobgoblins
  4 jackals (D:1)
  2 quokkas
  7 bats
  2 frilled lizards
  6 kobolds
  2 rats (D:3)
63 creatures vanquished.

Notes
Turn   | Place    | Note
-------+----------+-------------------------------------------
     0 | D:1      | Anathary the Minotaur Berserker began the quest for the
                  | Orb.
     0 | D:1      | Reached XP level 1. HP: 19/19 MP: 0/0
    83 | D:1      | Reached skill level 4 in Long Blades
   107 | D:1      | Reached XP level 2. HP: 23/27 MP: 1/1
   319 | D:1      | Found a faded altar of an unknown god.
  1013 | D:2      | Reached XP level 3. HP: 22/33 MP: 2/2
  1644 | D:2      | Reached skill level 5 in Long Blades
  1647 | D:2      | Reached ** piety under Trog
  1799 | D:3      | Noticed Ijyb
  1804 | D:3      | Paralysed by Ijyb for 6 turns
  1813 | D:3      | Killed Ijyb
  1814 | D:3      | Reached XP level 4. HP: 6/40 MP: 3/3
  2223 | D:3      | Found a large runed translucent door.
  2224 | D:3      | Found a large runed translucent door.
  2225 | D:3      | Noticed spimroxx's ghost (amateur MiFi)
  2384 | D:3      | Noticed Natasha
  2397 | D:3      | Killed Natasha
  2398 | D:3      | Reached skill level 6 in Long Blades
  2756 | D:3      | Noticed Natasha
  2767 | D:3      | Killed Natasha
  2768 | D:3      | Reached XP level 5. HP: 21/47 MP: 4/4
  2874 | D:3      | Noticed Natasha
  2880 | D:3      | Killed Natasha
  3399 | D:4      | Noticed a wyvern
  3408 | D:4      | Mangled by a wyvern

Illustrated notes

Levels and vault maps discovered:
D:1:      minmay_arrival_checkered_box, layout_loops_cross,
          basic_ecumenical_altar
D:2:      layout_basic, hangedman_feature_mirror, skrybe_limestone_x,
          columned_hall_lemuel
D:3:      layout_rooms, ebering_ghost_disaster_area, uniq_natasha, uniq_ijyb
D:4:      layout_rooms, minmay_misc_feat_cross

Skill      XL: |  1  2  3  4 |
---------------+-------------+-----
Long Blades    | 4 5 6 |  6.5
Fighting       | 4 |  4.9
Armour         | |  2.9
Dodging        | |  2.1

Action                   |  1- 3 |  4- 6 || total
-------------------------+-------+-------++-------
Melee: Falchion          |    71 |    63 ||   134
       Headbutt          |    12 |    14 ||    26
 Stab: Sleeping          |     1 |       ||     1
Armor: Animal skin       |    22 |     9 ||    31
Dodge: Dodged            |    63 |    43 ||   106
       Rpst.: Falchion   |    12 |     9 ||    21
